 Dungeon Sprint DCSS version 0.22-a0-362-g535178c (webtiles) character file.

16 emperorscorpion the Covered (level 2, -16/26 HPs)
             Began as a Barachi Fighter on Apr 21, 2018.
             Demolished by an ogre
             ... wielding a +0 giant spiked club
              (24 damage)
             ... in the Dungeon (Sprint IX: "|||||||||||||||||||||||||||||").
             The game lasted 00:00:35 (182 turns).

emperorscorpion the Covered (Barachi Fighter)        Turns: 182, Time: 00:00:36

Health: -16/26     AC:  7    Str: 17    XL:     2   Next: 58%
Magic:  2/2        EV:  7    Int:  8    God:
Gold:   0          SH:  9    Dex: 11    Spells: 1/1 levels left

rFire    . . .     SeeInvis .   a - +0 long sword
rCold    . . .     Gourm    .   c - +0 shield
rNeg     . . .     Faith    .   b - +0 scale mail
rPois    .         Spirit   .   (no helmet)
rElec    .         Reflect  .   (no cloak)
rCorr    .         Harm     .   (no gloves)
MR       .....     NoTele   +   (no boots)
Stlth    ..........             (no amulet)
HPRegen  0.08/turn              (no ring)
MPRegen  0.08/turn              (no ring)

@: hasted, quick
A: +LOS, swims, slowness 1, strong legs 1
a: Hop


You were in the Dungeon.
You were not hungry.

You visited 1 branch

Inventory:

Hand Weapons
 a - a +0 long sword (weapon)
Armour
 b - a +0 scale mail (worn)
 c - a +0 shield (worn)
Scrolls
 k - a scroll of blinking
Potions
 d - a potion of might
 g - a potion of heal wounds
 i - 2 potions of magic
 j - a potion of berserk rage
Comestibles
 f - a ration
 l - 8 chunks of flesh


   Skills:
 + Level 4.7 Fighting
 + Level 3.2 Long Blades
 + Level 4.9 Armour
 + Level 0.5 Dodging
 + Level 4.3 Shields


You had one spell level left.
You didn't know any spells.

Dungeon Overview and Level Annotations

Branches:
Dungeon (1/1)

Altars:


Innate Abilities, Weirdness & Mutations

Shadows flee at your approach. (+LOS)
You can swim through water.
You cover ground slowly.
You can hop short distances.


Message History

The crimson imp is moderately wounded.
The bat zombie hits you. You block the bat zombie's attack.
The bat zombie hits you but does no damage.
The crimson imp blinks!
The bat zombie barely misses you. The bat zombie barely misses you.
You block the bat zombie's attack. You block the bat zombie's attack.
The bat zombie hits you but does no damage.
You block the bat zombie's attack. x2
The bat zombie hits you but does no damage.
There is a staircase leading out of the dungeon here.
Okay, then.
You feel yourself speed up. The bat zombie hits you.
The bat zombie hits you but does no damage.
The bat zombie closely misses you.
You slash the bat zombie!
You destroy the bat zombie!
You barely miss the ogre.
The ogre hits you with a giant spiked club!!
Ouch! That really hurt!
You die... ▓▓▓▓▓▓▓▓▓▓▓▓▓▓▓▓▓▓ +.....).....'.5O@▓ ▓▓▓▓▓▓▓▓▓▓▓▓▓▓▓▓▓▓

You could see an ogre and a crimson imp.

Vanquished Creatures
  An adder (D)
  An orc (D)
  A bat zombie (D)
  A hobgoblin (D)
  2 bats (D)
  A frilled lizard (D)
  A rat (D)
8 creatures vanquished.

Vanquished Creatures (others)
  A spatial maelstrom (D)
1 creature vanquished.

Grand Total: 9 creatures vanquished

Notes
Turn   | Place    | Note
-------+----------+-------------------------------------------
     0 | D        | emperorscorpion the Barachi Fighter began the quest for the Orb.
     0 | D        | Reached XP level 1. HP: 18/18 MP: 1/1
     7 | D        | Banished a spatial maelstrom
   134 | D        | Noticed an ogre
   134 | D        | Noticed a crimson imp
   169 | D        | Reached XP level 2. HP: 14/26 MP: 2/2
   182 | D        | Demolished by an ogre

Vault maps used:
D:        linesprint

Skill      XL: |  1 |
---------------+----+-----
Fighting       | 4 |  4.7
Armour         | 4 |  4.9
Long Blades    | 3 |  3.2
Shields        | 4 |  4.3
Dodging        | |  0.5

Action                   || total
-------------------------++-------
Melee: Long sword        ||    52
  Use: Potion            ||     2
Armor: Scale mail        ||    45
Dodge: Dodged            ||    31
Block: Shield            ||    45
       Rpst.: Long sword ||     5

Table legend:
 A = Spawn XP
 B = Non-spawn XP
 C = Spawn XP percentage of total XP
 D = Spawn monster count
 E = Non-spawn monster count
 F = Spawn count percentage of total count
 G = Total turns spent on level
                    A         B        C        D         E        F      G
               +---------+---------+-------+---------+---------+-------+---------
         Total |       0 |      24 |   0.0 |       0 |       8 |   0.0 |   182
               +---------+---------+-------+---------+---------+-------+---------
             D |       0 |      24 |   0.0 |       0 |       8 |   0.0 |   182
               +---------+---------+-------+---------+---------+-------+---------
